 Dungeon Crawl Stone Soup version 0.28.0 (webtiles) character file.

Game seed: 18371601879513427017

119824 BALLS the Warrior (level 16, -2/97 HPs)
             Began as a Vine Stalker Fighter on Feb 14, 2022.
             Was the Champion of Okawaru.
             Slain by an alligator snapping turtle (18 damage)
             ... on level 3 of the Shoals on Feb 15, 2022.
             The game lasted 01:02:44 (22677 turns).

BALLS the Warrior (Vine Stalker Fighter)           Turns: 22677, Time: 01:02:45

Health: -2/97      AC: 19    Str: 25    XL:     16   Next: 80%
Magic:  0/20       EV:  8    Int:  8    God:    Okawaru [******]
Gold:   2112       SH:  8    Dex: 20    Spells: 15/15 levels left

rFire   + . .      SeeInvis +   a - +7 scimitar "Peab" {vorpal, Dex+3}
rCold   . . .      Faith    .   c - +0 buckler
rNeg    + + +      Spirit   +   V - +5 chain mail of Gubryege {Fly Dex+3 Stlth+}
rPois   .          Reflect  .   D - +2 hat {SInv}
rElec   .          Harm     .   m - +0 cloak
rCorr   .          Rampage  .   R - +0 pair of gloves of Context {rN+++ Will++ Str-2 Stlth+}
Will    ++++.                   L - +0 pair of boots
Stlth   +.........              (no amulet)
HPRegen 1.06/turn               e - ring of protection from fire
MPRegen 0.17/turn               d - +4 ring of slaying

@: flying
A: fangs 3, regeneration 1, magic shield, antimagic bite, no potion heal 2,
antennae 1, deformed body, low MP 1
a: Renounce Religion, Heroism, Finesse, Duel


You were on level 3 of the Shoals.
You worshipped Okawaru.
Okawaru was exalted by your worship.
You visited 6 branches of the dungeon, and saw 24 of its levels.
You also visited: Volcano.

You collected 2371 gold pieces.
You spent 259 gold pieces at shops.

Inventory:

Hand Weapons
 a - the +7 scimitar "Peab" (weapon) {vorpal, Dex+3}
   (Okawaru gifted it to you on level 6 of the Lair of Beasts)

   It inflicts extra damage upon your enemies.
   Dex:       It affects your dexterity (+3).
 b - a +0 scimitar of flaming
 P - a +2 long sword of draining
Missiles
 A - 5 throwing nets (quivered)
 W - 3 boomerangs of dispersal
Armour
 c - a +0 buckler (worn)
 m - a +0 cloak (worn)
 o - the +1 ring mail of Cynicism {rPois rC+ Int+4}
   (You took it off a goblin on level 4 of the Dungeon)

   Int:       It affects your intelligence (+4).
   rC:        It protects you from cold.
   rPois:     It protects you from poison.
 s - the +3 leather armour of Votiem {Str+3}
   (You found it on level 3 of the Dungeon)

   Str:       It affects your strength (+3).
 D - a +2 hat of see invisible (worn)
 H - the +5 scale mail of Faew Ene {rPois Dex+2}
   (Okawaru gifted it to you on level 2 of the Orcish Mines)

   Dex:       It affects your dexterity (+2).
   rPois:     It protects you from poison.
 L - a +0 pair of boots (worn)
 O - the +8 plate armour of the Exiled Mice {rN+ Int+3 Dex-3}
   (Okawaru gifted it to you on level 6 of the Lair of Beasts)

   Int:       It affects your intelligence (+3).
   Dex:       It affects your dexterity (-3).
   rN:        It protects you from negative energy.
 R - the +0 pair of gloves of Context (worn) {rN+++ Will++ Str-2 Stlth+}
   (Okawaru gifted it to you on level 6 of the Lair of Beasts)

   Str:       It affects your strength (-2).
   rN:        It renders you almost immune to negative energy.
   Will:      It greatly increases your willpower.
   Stlth:     It makes you more stealthy.
 V - the +5 chain mail of Gubryege (worn) {Fly Dex+3 Stlth+}
   (Okawaru gifted it to you on level 2 of the Shoals)

   Dex:       It affects your dexterity (+3).
   Fly:       It grants you flight.
   Stlth:     It makes you more stealthy.
Jewellery
 d - a +4 ring of slaying (right hand)
 e - a ring of protection from fire (left hand)
 n - a ring of positive energy
 E - a +4 ring of evasion
 M - a ring of protection from fire
 N - a ring of positive energy
 U - a ring of resist corrosion
Wands
 f - a wand of iceblast (22)
 p - a wand of flame (27)
 y - a wand of acid (4)
 z - a wand of mindburst (17)
 F - a wand of digging (12)
Scrolls
 h - 3 scrolls of blinking
 k - 4 scrolls of fear
 l - 9 scrolls of teleportation
 t - a scroll of immolation
 u - 3 scrolls of silence
 I - 3 scrolls of enchant armour
 K - 2 scrolls of enchant weapon
 Q - a scroll of magic mapping
 T - a scroll of fog {unknown}
Potions
 g - 8 potions of brilliance
 i - 3 potions of invisibility
 j - a potion of cancellation {unknown}
 q - 5 potions of curing
 r - 3 potions of might
 v - a potion of degeneration {unknown}
 w - 3 potions of haste
 x - 2 potions of resistance
 C - 2 potions of flight {unknown}
 G - 3 potions of magic
 S - a potion of mutation {unknown}
Miscellaneous
 B - a condenser vane
 J - a lightning rod (4/4)


   Skills:
 + Level 16.6 Fighting
 - Level 14.0 Long Blades
 + Level 11.4 Armour
 + Level 11.0 Shields
 - Level 8.0 Invocations


You had 15 spell levels left.
You didn't know any spells.
Your spell library contained the following spells:

 Spells                   Type           Power      Damage    Failure   Level
 Apportation              Tloc           0%         N/A       94%         1
 Beastly Appendage        Tmut           0%         N/A       94%         1
 Blink                    Tloc           0%         N/A       98%         2
 Corpse Rot               Necr/Air       0%         N/A       98%         2
 Poisonous Vapours        Pois/Air       0%         N/A       98%         2
 Wereblood                Tmut           0%         N/A       98%         2
 Spider Form              Tmut/Pois      0%         N/A       100%        3
 Alistair's Intoxication  Tmut/Pois      0%         N/A       100%        5
 Borgnjor's Vile Clutch   Necr/Erth      0%         N/A       100%        5
 Fireball                 Conj/Fire      0%         3d3       100%        5
 Iskenderun's Battlesphe  Conj           0%         2d6       100%        5
 Manifold Assault         Tloc           0%         N/A       100%        5
 Conjure Ball Lightning   Conj/Air       0%         3x3d6     100%        6
 Eringya's Noxious Bog    Tmut/Pois      0%         N/A       100%        6
 Orb of Destruction       Conj           0%         9d5       100%        7
 Storm Form               Tmut/Air       0%         N/A       100%        7
 Animate Skeleton         Necr           Unusable   N/A       N/A         1
 Summon Small Mammal      Summ           Unusable   N/A       N/A         1

Dungeon Overview and Level Annotations

Branches:
Dungeon (11/15)            Temple (1/1) D:5            Lair (6/6) D:8
 Shoals (3/4) Lair:2        Snake (0/4) Lair:4        Slime (1/5) Lair:5
    Orc (2/2) D:10            Elf (0/3) Orc:2       Volcano (visited)

Altars:
Ashenzari
Cheibriados
Dithmenos
Elyvilon
Fedhas
Gozag
Hepliaklqana
Kikubaaqudgha
Makhleb
Nemelex Xobeh
Okawaru
Qazlal
Ru
Sif Muna
Trog
Uskayaw
Vehumet
Wu Jian
Xom
Yredelemnul
Zin
The Shining One
Jiyva
Lugonu

Shops:
D:2 *   D:5 ?**[   Orc:2 !([?   Shoals:1 :

Portals:
Abyss: Lair:6


Innate Abilities, Weirdness & Mutations

You have razor-sharp teeth.
Your natural rate of healing is unusually fast.
When hurt, damage is shared between your health and your magic reserves.
Your bite disrupts and absorbs the magic of your enemies.
Potions cannot restore your health.
You have a pair of small antennae on your head.
Armour fits poorly on your strangely shaped body.
Your magical capacity is low. (-10% MP)


Message History

The wind drake barely misses you.
You slash the manticore!
The manticore is severely wounded.
The wind drake bites you but does no damage.
The manticore barely misses you. The manticore claws you.
The manticore claws you but does no damage.
You slash the manticore!
You kill the manticore!
Okawaru accepts your kill. The wind drake flaps its wings at you.
The air twists around and strikes you!
Your Shields skill increases to level 11!
You closely miss the wind drake. You bite the wind drake! You drain its power.
You feel invigorated.
The wind drake is lightly wounded.
An alligator snapping turtle comes into view.
You slash the wind drake! You bite the wind drake!! You drain its power.
The wind drake is severely wounded.
The wind drake flaps its wings at you. The air twists around and strikes you.
You miss the wind drake. You bite the wind drake! You drain its power.
You feel invigorated.
The wind drake is almost dead.
The wind drake exhales a fierce blast of wind!
You are blown backwards!
The water nymph touches you. The water nymph drowns you!
* * * LOW HITPOINT WARNING * * *
You block the wind drake's attack.
Things that are here:
a +0 trident; 3 boomerangs You slash the wind drake!
You kill the wind drake!
Okawaru accepts your kill. The water nymph casts a spell at you.
The water rises up and strikes you!!
* * * LOW HITPOINT WARNING * * *
You closely miss the water nymph. You block the water nymph's attack.
You closely miss the water nymph. Your bite misses the water nymph.
The alligator snapping turtle bites you from afar!!
You die...

≈≈≈≈≈≈≈
≈≈≈≈≈≈≈≈≈≈≈≈≈≈#
≈≈≈≈≈≈≈
≈≈≈≈≈≈≈≈≈≈≈≈≈≈#
≈≈≈≈≈≈
≈≈≈≈≈≈≈≈≈≈≈≈≈≈#
≈≈≈≈
≈≈≈≈≈≈≈≈≈≈≈≈≈≈#
≈≈≈
≈≈≈≈≈≈≈≈≈≈≈≈≈≈#
≈.
≈...≈≈≈≈≈≈≈≈≈#
.....≈≈≈≈≈≈≈≈#
....≈≈≈≈≈≈≈≈≈#
≈≈..≈≈†@≈≈≈≈≈#
....≈≈m≈≈≈≈≈≈#
.≈≈≈≈t≈≈≈≈≈≈≈#
≈≈≈≈≈≈≈≈≈≈≈≈≈#
≈≈≈≈≈≈≈≈≈≈≈≈≈#
≈≈≈≈≈≈≈≈≈≈≈≈≈#
≈≈≈≈≈≈≈≈≈≈≈≈≈#
≈≈≈≈≈≈≈≈≈≈≈≈≈#


You could see an alligator snapping turtle and a water nymph.

Vanquished Creatures
  Nikola (Shoals:2)
  A kraken (Shoals:1)
  Gastronok (D:9)
  Polyphemus (Shoals:2)
  A red draconian (Volcano)
  Josephine (Orc:2)
  8 merfolk impalers
  5 merfolk javelineers
  Erolcha (D:9)
  9 hydras
  2 ogre magi (Orc:2)
  Erica (Lair:1)
  A merfolk aquamancer (Shoals:1)
  2 merfolk avatars
  A centaur warrior (Volcano)
  3 catoblepae
  9 two-headed ogres
  4 satyrs
  2 death yaks (Shoals:2)
  A tengu warrior (D:10)
  4 thrashing horrors (Lair:6)
  Nergalle (Lair:1)
  5 sea snakes
  2 deep trolls (Orc:2)
  9 harpies
  An orc knight (Orc:2)
  A lindwurm (Lair:6)
  3 orc sorcerers
  4 cyclopes
  11 manticores
  9 fauns
  2 water nymphs
  3 black mambas
  17 elephants
  A gargoyle (D:9)
  2 merfolk sirens
  15 cane toads
  3 smoke demons (Lair:6)
  Psyche (D:9)
  Maggie (Lair:1)
  A rime drake (Lair:6)
  A tengu conjurer (D:10)
  5 kobold demonologists
  2 yaktaurs (Volcano)
  10 komodo dragons
  9 trolls
  27 merfolk
  2 wind drakes
  3 ancient zymes (Lair:6)
  A hornet (D:5)
  4 polar bears
  A slime creature (D:11)
  Prince Ribbit (D:5)
  Grinder (D:4)
  16 dream sheep
  6 snapping turtles
  37 blink frogs
  2 spriggans (Lair:6)
  8 wraiths
  9 water elementals
  Sigmund (D:2)
  2 ynoxinuls (Lair:6)
  36 yaks
  A large abomination (Lair:6)
  Grum (D:9)
  6 wyverns
  A vampire mosquito (D:10)
  10 basilisks
  A chaos spawn (Lair:6)
  A steam dragon (D:7)
  4 wargs
  11 small abominations (Lair:6)
  4 nagas (Lair:4)
  An acid dragon (D:10)
  11 water moccasins
  Duvessa (D:5)
  An ice beast (D:7)
  12 orc warriors
  2 black bears
  18 ogres
  9 wolves
  10 centaurs
  5 kobold brigands
  10 bullfrogs
  A wyvern zombie (D:6)
  A scorpion (D:6)
  A water moccasin zombie (D:6)
  Dowan (D:5)
  5 wights (D:8)
  2 electric eels
  2 howler monkeys (D:7)
  2 centaur zombies
  3 hounds (D:6)
  2 jellies
  5 orc priests
  Ijyb (D:3)
  A gnoll shaman (D:8)
  Natasha (D:2)
  Terence (D:5)
  12 orc wizards
  3 iguanas
  A killer bee zombie (D:6)
  A howler monkey zombie (D:6)
  Robin (D:2)
  11 gnolls
  4 adders
  A shadow imp (D:7)
  3 white imps
  An ufetubus (D:5)
  2 worms
  4 dart slugs
  47 orcs
  2 endoplasms (D:2)
  11 goblins
  8 hobgoblins
  3 jackals (D:4)
  2 quokkas (D:1)
  3 ball pythons
  5 bats (D:2)
  28 kobolds
  2 rats
  6 tentacles (Shoals:1)
645 creatures vanquished.

Vanquished Creatures (others)
  A merfolk aquamancer (Shoals:2)
  An orc wizard (D:6)
  An orc (Orc:2)
  28 fungi
  47 plants
  22 tentacles (Shoals:1)
100 creatures vanquished.

Grand Total: 745 creatures vanquished

Notes
Turn   | Place    | Note
-------+----------+-------------------------------------------
     0 | D:1      | BALLS the Vine Stalker Fighter began the quest for the Orb.
     0 | D:1      | Reached XP level 1. HP: 11/11 MP: 2/2
   281 | D:1      | Reached XP level 2. HP: 12/16 MP: 3/3
   801 | D:1      | Found a faded altar of an unknown god.
  1372 | D:2      | Found Hurunet's General Store.
  1424 | D:2      | Reached XP level 3. HP: 19/19 MP: 4/4
  1774 | D:2      | Noticed Robin
  1807 | D:2      | Noticed Sigmund
  2078 | D:2      | Noticed Natasha
  2083 | D:2      | Killed Natasha
  2084 | D:2      | Gained mutation: Your natural rate of healing is unusually
                  | fast. [Vine Stalker growth]
  2084 | D:2      | Reached XP level 4. HP: 22/23 MP: 5/5
  2185 | D:2      | Killed Robin
  2231 | D:2      | Killed Sigmund
  2232 | D:2      | Reached skill level 5 in Long Blades
  2232 | D:2      | Reached XP level 5. HP: 20/27 MP: 4/6
  2232 | D:2      | Reached XP level 6. HP: 24/32 MP: 4/7
  2395 | D:3      | Noticed Ijyb
  2396 | D:3      | Noticed Terence
  2459 | D:3      | Killed Ijyb
  2537 | D:3      | Found an ancient bone altar of Kikubaaqudgha.
  2885 | D:3      | Identified the +3 leather armour of Votiem {Str+3}
  3183 | D:4      | Identified the +1 ring mail of Cynicism {rPois rC+ Int+4}
  3255 | D:4      | Found an ornate altar of the Wu Jian Council.
  3598 | D:4      | Found a glowing golden altar of the Shining One.
  3664 | D:4      | Noticed Grinder
  3677 | D:4      | Killed Grinder
  3678 | D:4      | Reached XP level 7. HP: 25/35 MP: 4/8
  3799 | D:4      | Reached skill level 3 in Fighting
  3972 | D:5      | Entered Level 5 of the Dungeon
  3973 | D:5      | Found Viceqimm's General Store.
  4016 | D:5      | Bought a scroll of identify for 22 gold pieces
  4016 | D:5      | Bought a scroll of teleportation for 33 gold pieces
  4064 | D:5      | Found a staircase to the Ecumenical Temple.
  4079 | Temple   | Entered the Ecumenical Temple
  4128 | Temple   | Became a worshipper of Warmaster Okawaru
  4189 | D:5      | Noticed a hornet
  4202 | D:5      | Killed a hornet
  4203 | D:5      | Reached skill level 5 in Fighting
  4203 | D:5      | Reached skill level 1 in Invocations
  4203 | D:5      | Gained mutation: You have razor-sharp teeth. [Vine Stalker
                  | growth]
  4203 | D:5      | Reached XP level 8. HP: 15/43 MP: 5/9
  4207 | D:5      | Found Vaxzil's Magic Scroll Boutique.
  4253 | D:5      | Killed Terence
  4288 | D:5      | Bought a scroll of identify for 30 gold pieces
  4288 | D:5      | Bought a scroll of identify for 30 gold pieces
  4288 | D:5      | Bought a scroll of identify for 30 gold pieces
  4288 | D:5      | Bought a scroll of identify for 30 gold pieces
  4337 | D:5      | Found Rusokyim's Armour Shop.
  4366 | D:5      | Found Ehoy's Elemental Accessories.
  4366 | D:5      | Noticed Prince Ribbit
  4559 | D:5      | Noticed Duvessa
  4559 | D:5      | Noticed Dowan
  4590 | D:5      | Killed Duvessa
  4590 | D:5      | Reached * piety under Okawaru
  4601 | D:5      | Killed Dowan
  4667 | D:5      | Killed Prince Ribbit
  4703 | D:5      | Found a basalt altar of Yredelemnul.
  4773 | D:6      | Reached skill level 5 in Invocations
  4960 | D:6      | Found a shimmering altar of Xom.
  5227 | D:6      | Reached XP level 9. HP: 47/47 MP: 13/13
  5243 | D:6      | Identified the +1 ring mail "Waexoumo" {MP+9}
  5264 | D:6      | Found a shimmering blue altar of Sif Muna.
  5277 | D:6      | Reached skill level 5 in Shields
  5864 | D:7      | Reached ** piety under Okawaru
  6327 | D:7      | Found a broken altar of Ashenzari.
  6339 | D:7      | Found a blossoming altar of Fedhas.
  6383 | D:7      | Found a radiant altar of Vehumet.
  6477 | D:7      | Reached skill level 5 in Armour
  6497 | D:7      | Found a stormy altar of Qazlal.
  6951 | D:8      | Reached *** piety under Okawaru
  7018 | D:8      | Found a staircase to the Lair.
  7070 | D:8      | Noticed a kobold demonologist
  7081 | D:8      | Noticed a kobold demonologist
  7083 | D:8      | Killed a kobold demonologist
  7084 | D:8      | Reached XP level 10. HP: 52/53 MP: 14/14
  7101 | D:8      | Killed a kobold demonologist
  7102 | D:8      | Reached skill level 6 in Fighting
  7659 | D:9      | Noticed Grum
  7695 | D:8      | Reached **** piety under Okawaru
  7830 | D:9      | Killed Grum
  8135 | D:9      | Noticed Erolcha
  8153 | D:9      | Killed Erolcha
  8154 | D:9      | Reached skill level 10 in Long Blades
  8216 | D:9      | Reached skill level 7 in Fighting
  8255 | D:9      | Noticed Gastronok
  8268 | D:9      | Killed Gastronok
  8269 | D:9      | Reached skill level 8 in Fighting
  8334 | D:9      | Noticed a gargoyle
  8346 | D:9      | Killed a gargoyle
  8347 | D:9      | Reached XP level 11. HP: 45/60 MP: 9/15
  8715 | D:10     | Entered Level 10 of the Dungeon
  8763 | D:9      | Noticed Psyche
  8772 | D:9      | Killed Psyche
  8906 | D:10     | Noticed a two-headed ogre
  8911 | D:10     | Killed a two-headed ogre
  8959 | D:10     | Noticed a five-headed hydra
  9084 | D:10     | Found an opulent altar of Gozag.
  9182 | D:10     | Found a glowing silver altar of Zin.
  9334 | D:10     | Reached ***** piety under Okawaru
  9628 | D:11     | Found a sacrificial altar of Ru.
  9656 | D:11     | Received a gift from Okawaru
  9666 | D:11     | Noticed a manticore
  9745 | D:11     | Noticed a seven-headed hydra
  9752 | D:11     | Noticed a manticore
  9764 | D:11     | Killed a manticore
  9798 | D:11     | Killed a manticore
  9831 | D:11     | Noticed a manticore
  9836 | D:11     | Killed a manticore
  9850 | D:11     | Noticed a tengu warrior
  9880 | D:10     | Killed a tengu warrior
  9956 | Lair:1   | Entered Level 1 of the Lair of Beasts
  9957 | Lair:1   | Noticed Maggie
  9977 | Lair:1   | Killed Maggie
  9978 | Lair:1   | Reached XP level 12. HP: 63/64 MP: 15/17
 10004 | Lair:1   | Identified the +3 ring mail of Xam Emy {*Slow rN++ Str-5
                  | Slay+3} (Okawaru gifted it to you on level 1 of the Lair of
                  | Beasts)
 10004 | Lair:1   | Received a gift from Okawaru
 10130 | Lair:1   | Noticed Erica
 10131 | Lair:1   | Noticed Nergalle
 10147 | Lair:1   | Killed Erica
 10161 | Lair:1   | Killed Nergalle
 10217 | Lair:1   | Found a dark tunnel.
 10222 | Volcano  | Entered a volcano
 10278 | Volcano  | Noticed a centaur warrior
 10291 | Volcano  | Killed a centaur warrior
 10328 | Volcano  | Noticed a red draconian
 10348 | Volcano  | Killed a red draconian
 10481 | Lair:1   | Noticed a six-headed hydra
 10490 | Lair:1   | Killed a two-headed hydra
 10491 | Lair:1   | Reached skill level 9 in Fighting
 11034 | D:10     | Found a staircase to the Orcish Mines.
 11043 | D:10     | Killed a two-headed hydra
 11044 | D:10     | Reached skill level 10 in Fighting
 11207 | Lair:2   | Noticed a catoblepas
 11215 | Lair:1   | Killed a catoblepas
 11485 | Lair:2   | Identified the +1 scale mail "Terghyrakk" {rPois} (Okawaru
                  | gifted it to you on level 2 of the Lair of Beasts)
 11485 | Lair:2   | Received a gift from Okawaru
 11607 | Lair:2   | Reached XP level 13. HP: 73/73 MP: 17/20
 11625 | Lair:2   | Reached skill level 11 in Fighting
 11625 | Lair:2   | Reached ****** piety under Okawaru
 11712 | Lair:2   | Found a staircase to the Shoals.
 13518 | Lair:3   | Identified the +5 ring mail of Hysteria {-Tele Str+7}
                  | (Okawaru gifted it to you on level 3 of the Lair of Beasts)
 13518 | Lair:3   | Received a gift from Okawaru
 13589 | Lair:4   | Reached skill level 12 in Fighting
 13695 | Lair:4   | Found a staircase to the Snake Pit.
 14543 | Lair:5   | Reached XP level 14. HP: 73/81 MP: 21/21
 14560 | Lair:5   | Found a staircase to the Slime Pits.
 14560 | Lair:5   | Found a viscous altar of Jiyva.
 15190 | Lair:6   | Entered Level 6 of the Lair of Beasts
 15253 | Slime:1  | Entered Level 1 of the Pits of Slime
 15253 | Slime:1  | Noticed an acid blob
 15337 | Lair:6   | Identified the +8 plate armour of the Exiled Mice {rN+
                  | Int+3 Dex-3} (Okawaru gifted it to you on level 6 of the
                  | Lair of Beasts)
 15337 | Lair:6   | Received a gift from Okawaru
 15422 | Lair:6   | Reached skill level 13 in Fighting
 16092 | Lair:6   | Identified the +7 scimitar "Peab" {vorpal, Dex+3} (Okawaru
                  | gifted it to you on level 6 of the Lair of Beasts)
 16092 | Lair:6   | Received a gift from Okawaru
 16259 | Lair:6   | Reached skill level 14 in Fighting
 16347 | Lair:6   | Identified the +0 pair of gloves of Context {rN+++ Will++
                  | Str-2 Stlth+} (Okawaru gifted it to you on level 6 of the
                  | Lair of Beasts)
 16347 | Lair:6   | Received a gift from Okawaru
 16349 | Lair:6   | Reached XP level 15. HP: 20/88 MP: 20/22
 17032 | Lair:6   | Found a corrupted altar of Lugonu.
 17032 | Lair:6   | Found a one-way gate to the infinite horrors of the Abyss.
 17302 | Orc:1    | Entered Level 1 of the Orcish Mines
 17425 | Orc:2    | Entered Level 2 of the Orcish Mines
 17619 | Orc:2    | Found a staircase to the Elven Halls.
 18234 | Orc:2    | Found Urui's Distillery.
 18255 | Orc:2    | Noticed Josephine
 18264 | Orc:2    | Killed Josephine
 18264 | Orc:2    | Identified the +5 scale mail of Faew Ene {rPois Dex+2}
                  | (Okawaru gifted it to you on level 2 of the Orcish Mines)
 18264 | Orc:2    | Received a gift from Okawaru
 18297 | Orc:2    | Reached skill level 15 in Fighting
 18350 | Orc:2    | Found Budwe Lum's Armour Emporium.
 18356 | Orc:2    | Found Zasm's Magic Scroll Boutique.
 18365 | Orc:2    | Found Iskouwn's Antique Weapon Emporium.
 18425 | Orc:2    | Bought a scroll of teleportation for 42 gold pieces
 18425 | Orc:2    | Bought a scroll of teleportation for 42 gold pieces
 18807 | Shoals:1 | Entered Level 1 of the Shoals
 18813 | Shoals:1 | Noticed a kraken
 18923 | Shoals:1 | Killed a kraken
 19295 | Shoals:1 | Found Wompolaf's Book Boutique.
 19841 | Shoals:2 | Reached skill level 10 in Shields
 19962 | Shoals:2 | Noticed Polyphemus
 20012 | Shoals:2 | Reached skill level 10 in Armour
 20075 | Shoals:2 | Identified the +0 leather armour of Charity {Str-5 Dex+5
                  | Stlth-}
 20130 | Shoals:2 | Killed Polyphemus
 20131 | Shoals:2 | Reached XP level 16. HP: 60/95 MP: 20/23
 20310 | Shoals:2 | Noticed Nikola
 20325 | Shoals:2 | Killed Nikola
 20401 | Shoals:2 | Identified the +5 chain mail of Gubryege {Fly Dex+3 Stlth+}
                  | (Okawaru gifted it to you on level 2 of the Shoals)
 20401 | Shoals:2 | Received a gift from Okawaru
 20521 | Shoals:2 | Reached skill level 16 in Fighting
 21288 | Shoals:2 | HP: 2/96 [poisoned by a merfolk impaler]
 22285 | Shoals:3 | Gained mutation: Armour fits poorly on your strangely
                  | shaped body. [mutagenic glow]
 22302 | Shoals:3 | Gained mutation: Your magical capacity is low. (-10% MP)
                  | [mutagenic glow]
 22326 | Shoals:3 | Gained mutation: You have a pair of small antennae on your
                  | head. [mutagenic glow]
 22677 | Shoals:3 | Slain by an alligator snapping turtle

Illustrated notes

Levels and vault maps discovered:
D:1:      scummos_arrival_simple_crosswalls, layout_basic,
          hellmonk_ecumenical_altar_leap_of_faith, kennysheep_another_room,
          kennysheep_flooded_box
D:2:      layout_loops_ring, serial_shops, nicolae_shop_hallway_stairs,
          grunt_ministairs_6, uniq_natasha, uniq_sigmund, uniq_robin
D:3:      layout_rooms, lemuel_doored_altar, kennysheep_cross_room,
          corexii_hall_statues_l, uniq_terence, uniq_ijyb
D:4:      layout_gridville, tso_oasis_becter, kennysheep_little_box,
          uniq_grinder
D:5:      layout_rooms, mainiacjoe_overflow_tiny_flanked,
          minmay_temple_entry_statues_fountains, serial_shops,
          nicolae_shop_hallway_stairs, shop_statue, shop,
          hangedman_abyss_or_decor_passed, nicolae_elemental_shop, fountainhead,
          kennysheep_generic_room_15, uniq_prince_ribbit1, uniq_duvessa
D:6:      layout_layer_cave, mainiacjoe_overflow_brackets,
          mainiacjoe_overflow_alcove_2, chequers_serial_rivers_small_a
D:7:      layout_cave_pools, nicolae_overflow_quartered_altars
D:8:      layout_basic, lair_entry_dummy
D:9:      layout_basic, chequers_serial_rivers_micro_d, uniq_psyche,
          uniq_gastronok, uniq_grum, uniq_erolcha
D:10:     layout_irregular_city, pdpol_temple_overflow_zin_treasury_gozag_greed,
          orc_0_dummy, corexii_leaking_fountain
D:11:     minmay_the_grid_square_5x5_4x4 [minmay_the_grid_square_5x5_two,
          minmay_the_grid_square_5x5_fancy_junction,
          minmay_the_grid_square_5x5_n_small, minmay_the_grid_square_5x5_tie,
          minmay_the_grid_square_5x5_moneybag,
          minmay_the_grid_square_5x5_prize_snowflake,
          minmay_the_grid_square_5x5_prize_waves,
          minmay_the_grid_square_5x5_comb, minmay_the_grid_square_5x5_tri_point,
          minmay_the_grid_square_5x5_prize_pseudospiral,
          minmay_the_grid_square_5x5_prize_itemx,
          minmay_the_grid_square_5x5_bridge,
          minmay_the_grid_square_5x5_almost_minimal,
          minmay_the_grid_square_5x5_plus,
          minmay_the_grid_square_5x5_doubleslash,
          minmay_the_grid_square_5x5_inner_v], layout_basic,
          nicolae_ru_sacrificial_ziggurat, uniq_maurice
Temple:   jpeg_temple_alley_garden
Lair:1:   layout_roguey, enter_volcano_4, columned_hall_lemuel,
          infiniplex_staircase_pool, uniq_maggie, uniq_nergalle, uniq_erica
Lair:2:   layout_gridlike, minmay_shoals_entry_lonely_mermaid,
          lemuel_another_geyser
Lair:3:   layout_small_grid
Lair:4:   layout_cave_pods, minmay_snake_entry_guardpost_small,
          grunt_megastairs_3, serial_bayou_shore_a
Lair:5:   layout_gridlike, slime_altar_1
Lair:6:   hellmonk_lair_end_abyssal_woods, layout_cave_pods,
          nicolae_quartered_pool_super, grunt_forest_small_clearing_treed,
          grunt_megastairs_2, lemuel_fruit_tree
Shoals:1: layout_shoals, serial_shops, nicolae_shop_advertising_works
          [nicolae_subvault_shop_adworks]
Shoals:2: layout_shoals, uniq_polyphemus, uniq_nikola
Shoals:3: layout_shoals, nicolae_shoals_arrival_archipelago
Slime:1:  cheibrodos_slime_lost_civilization_8, layout_caves
Orc:1:    layout_caves
Orc:2:    st_orc_open, layout_caves, special_room, uniq_josephine

Skill      XL: |  1  2  3  4  5  6  7  8  9 10 11 12 13 14 15 16 |
---------------+-------------------------------------------------+-----
Long Blades    | 2 3 5 7 8 10 12 14 | 14.0
Fighting       | 5 8 10 12 14 15 16 | 16.6
Invocations    | 1 5 6 8 |  8.0
Shields        | 4 5 6 8 10 11 | 11.0
Armour         | 5 8 10 11 | 11.4

Action                   |  1- 3 |  4- 6 |  7- 9 | 10-12 | 13-15 | 16-18 || total
-------------------------+-------+-------+-------+-------+-------+-------++-------
Melee: Long sword        |    81 |    96 |   337 |   368 |       |       ||   882
       Bite              |    20 |    31 |    99 |   167 |   372 |   123 ||   812
       Scimitar          |       |       |       |    73 |   946 |   300 ||  1319
Invok: Heroism           |       |       |       |    11 |     7 |     4 ||    22
       Finesse           |       |       |       |     5 |     1 |     1 ||     7
Evoke: Wand              |       |       |       |       |     1 |       ||     1
  Use: Potion            |       |     1 |     1 |       |       |     2 ||     4
       Scroll            |       |       |     9 |     4 |     6 |       ||    19
 Stab: Invisible         |       |       |     2 |       |       |       ||     2
       Sleeping          |       |       |     1 |     1 |     1 |       ||     3
       Distracted        |       |       |       |     1 |     1 |       ||     2
       Petrified         |       |       |       |       |     2 |       ||     2
       Petrifying        |       |       |       |       |     1 |       ||     1
Armor: Scale mail        |    36 |    21 |       |       |    50 |     9 ||   116
       Leather armour    |       |    16 |   135 |    42 |       |       ||   193
       Ring mail         |       |       |       |   169 |   330 |       ||   499
       Chain mail        |       |       |       |       |       |   188 ||   188
Dodge: Dodged            |    45 |    39 |   153 |   177 |   367 |   161 ||   942
Block: Buckler           |    12 |    18 |    95 |   113 |   293 |   130 ||   661
